 Dungeon Crawl Stone Soup version 0.23.2-33-g5129a83 (webtiles) character file.

Game seed: 1862347541837188471

269 suicidejoker the Skirmisher (level 6, -1/45 HPs)
             Began as a Demonspawn Fighter on Aug 9, 2019.
             Slain by a worker ant (5 damage)
             ... on level 4 of the Dungeon.
             The game lasted 00:04:23 (2283 turns).

suicidejoker the Skirmisher (Demonspawn Fighter)    Turns: 2283, Time: 00:04:23

Health: -1/45      AC: 10    Str: 16 (17) XL:     6   Next: 1%
Magic:  6/6        EV:  7    Int: 12 (14) God:
Gold:   163        SH:  8    Dex: 12 (14) Spells: 5/5 levels left

rFire    . . .     SeeInvis .   a - +1 dagger (flame)
rCold    . . .     Gourm    .   c - +0 shield
rNeg     . . .     Faith    .   b - +0 scale mail
rPois    +         Spirit   .   (no helmet)
rElec    .         Reflect  .   (no cloak)
rCorr    .         Harm     .   (no gloves)
MR       .....                  n - +1 pair of boots
Stlth    +.........             (no amulet)
HPRegen  0.15/turn              (no ring)
MPRegen  0.10/turn              (no ring)

@: brilliant, lethally poisoned (-1 -> -13), flying, very slightly contaminated,
invisible
A: claws 2, yellow scales 1, frail 1, poison resistance
a: no special abilities


You were on level 4 of the Dungeon.
You were not hungry.

You visited 1 branch of the dungeon, and saw 4 of its levels.

You collected 163 gold pieces.

Inventory:

Hand Weapons
 a - a +1 dagger of flaming (weapon)
 e - a +1 mace of protection
Armour
 b - a +0 scale mail (worn)
 c - a +0 shield (worn)
 n - a +1 pair of boots (worn)
Jewellery
 j - an uncursed ring of protection from magic {unknown}
 r - a +6 ring of dexterity {unknown}
Wands
 d - a wand of iceblast (10)
 l - a wand of flame (22)
Scrolls
 h - 2 scrolls of remove curse {unknown}
 k - 2 scrolls of immolation {unknown}
 o - 3 scrolls of identify {unknown}
 q - 2 scrolls of teleportation {unknown}
 t - a scroll of fear {unknown}
Potions
 g - a potion of brilliance
 m - a potion of degeneration
 p - a potion of mutation
Comestibles
 f - 10 rations


   Skills:
 * Level 5.2 Fighting
   Level 1.7 Long Blades
 - Level 2.6 Armour
 + Level 2.3 Dodging
 + Level 2.7 Stealth
 - Level 2.6 Shields


You had 5 spell levels left.
You didn't know any spells.
Your spell library was empty.

Dungeon Overview and Level Annotations

Branches:
Dungeon (4/15)
 Temple: D:4-7

Altars:
Okawaru
Sif Muna
Uskayaw


Innate Abilities, Weirdness & Mutations

You have very sharp fingernails.
You are partially covered in yellow scales. (AC +2)
You are frail. (-10% HP)
Your system is resistant to poisons. (rPois)


Message History

The worker ant bites you but does no damage.
You block the worker ant's attack.
It was a potion of mutation.
You feel extremely strange.
You feel frail.
You feel resistant to poisons.
* * * LOW HITPOINT WARNING * * *
You feel sick. The worker ant bites you.
* * * LOW HITPOINT WARNING * * *
The worker ant bites you but does no damage.
It was a potion of invisibility.
You fade into invisibility!
* * * LOW HITPOINT WARNING * * *
You feel sick. You block the worker ant's attack.
The worker ant completely misses you. The worker ant barely misses you. x2
You are very lightly contaminated with residual magic.
It was a potion of flight.
You feel very buoyant.
You fly up into the air.
* * * LOW HITPOINT WARNING * * *
You feel sick. The worker ant bites you.
You die...

.. ... .#
#... .##....
..... ...
###.# #.<.#
##.## #@#
......aa#
...#.....
#......
#........
...........
.(....##.....
...... #.....


You could see 2 worker ants.

Vanquished Creatures
  A phantom (D:3)
  Ijyb (D:3)
  7 gnolls (D:3)
  2 adders (D:2)
  An ooze (D:1)
  2 dart slugs
  2 leopard geckos
  3 orcs (D:3)
  5 bats
  4 giant cockroaches
  7 goblins
  4 hobgoblins
  4 jackals
  2 quokkas (D:3)
  4 frilled lizards
  5 kobolds
  5 rats
59 creatures vanquished.

Notes
Turn   | Place    | Note
-------+----------+-------------------------------------------
     0 | D:1      | suicidejoker the Demonspawn Fighter began the quest for the
                  | Orb.
     0 | D:1      | Reached XP level 1. HP: 18/18 MP: 1/1
    44 | D:1      | Gained mutation: You have sharp fingernails. [demonic
                  | ancestry]
    44 | D:1      | Reached XP level 2. HP: 21/24 MP: 2/2
   283 | D:1      | Reached skill level 1 in Stealth
   342 | D:1      | Reached skill level 1 in Dodging
   342 | D:1      | Gained mutation: You are partially covered in yellow
                  | scales. (AC +2) [demonic ancestry]
   342 | D:1      | Reached XP level 3. HP: 22/30 MP: 3/3
   788 | D:2      | Found an iron altar of Okawaru.
   909 | D:2      | Found a deep blue altar of Sif Muna.
  1117 | D:2      | Reached skill level 4 in Fighting
  1205 | D:3      | Noticed a phantom
  1252 | D:3      | Killed a phantom
  1252 | D:3      | Reached XP level 4. HP: 15/38 MP: 4/4
  1252 | D:3      | Gained mutation: You have very sharp fingernails. [demonic
                  | ancestry]
  1252 | D:3      | Reached XP level 5. HP: 17/43 MP: 5/5
  1257 | D:3      | Noticed Ijyb
  1274 | D:3      | Killed Ijyb
  1306 | D:3      | HP: 2/43 [gnoll/+0 halberd (11)]
  1581 | D:3      | Found a hide-covered altar of Uskayaw.
  1591 | D:3      | Reached skill level 5 in Fighting
  2107 | D:3      | Reached XP level 6. HP: 51/51 MP: 6/6
  2281 | D:4      | Gained mutation: You are frail. (-10% HP) [potion of
                  | mutation]
  2281 | D:4      | Gained mutation: Your system is resistant to poisons.
                  | (rPois) [potion of mutation]
  2283 | D:4      | Slain by a worker ant

Skill      XL: |  1  2  3  4  5 |
---------------+----------------+-----
Stealth        | 1 2 |  2.7
Dodging        | 1 2 |  2.3
Fighting       | 4 5 |  5.2
Long Blades    | |  1.7
Armour         | |  2.6
Shields        | |  2.6

Action                   |  1- 3 |  4- 6 || total
-------------------------+-------+-------++-------
Melee: Long sword        |    13 |       ||    13
       Dagger            |   113 |   125 ||   238
  Use: Potion            |     1 |    11 ||    12
  Eat: Chunk             |       |     5 ||     5
Armor: Scale mail        |    57 |    54 ||   111
Dodge: Dodged            |    39 |    55 ||    94
Block: Shield            |    59 |    52 ||   111
       Rpst.: Long sword |     1 |       ||     1
